 Dungeon Crawl Stone Soup version 0.30.0-19-g36f170ea60 (webtiles) character file.

Game seed: 13620579455464229263

1337 Getoffmy the Destroyer (level 8, -2/46 HPs)
             Began as an Octopode Fire Elementalist on May 28, 2023.
             Was an Initiate of Vehumet.
             Slain by Eustachio
             ... wielding a +0 falchion
              (6 damage)
             ... on level 6 of the Dungeon.
             The game lasted 00:23:31 (7772 turns).

Getoffmy the Destroyer (Octopode Fire Elementalist) Turns: 7772, Time: 00:23:31

Health: -2/46      AC:  1    Str:  8      XL:     8   Next: 61%
Magic:  1/12       EV: 13    Int: 19      God:    Vehumet [......]
Gold:   193        SH:  0    Dex: 11 (12) Spells: 3/13 levels left

rFire   . . .        n - +1 short sword (flame)
rCold   . . .        (no shield)
rNeg    . . .        (helmet restricted)
rPois   .            (no amulet)
rElec   .            d - ring of wizardry
rCorr   .            (no ring)
SInv    .            (no ring)
Will    .....        (no ring)
Stlth   ++           (no ring)
HPRegen 0.27/turn    (no ring)
MPRegen 0.13/turn    (no ring)
                     (no ring)

%: wizardry (x1)
@: silenced, very slightly contaminated
A: almost no armour, amphibious, 8 rings, camouflage 1, gelatinous body 1,
(nimble swimmer 1), tentacles
a: Renounce Religion


You were on level 6 of the Dungeon.
You worshipped Vehumet.
Vehumet was noncommittal.
You visited 2 branches of the dungeon, and saw 7 of its levels.

You collected 361 gold pieces.
You spent 168 gold pieces at shops.

Inventory:

Hand Weapons
 e - a +0 dagger of flaming
 n - a +1 short sword of flaming (weapon)
 q - a +1 short sword of draining
 y - a +0 sling
Missiles
 c - 70 stones (quivered)
 s - a throwing net
 B - 5 poisoned darts
Magical Staves
 r - a staff of earth
Jewellery
 b - an amulet of magic regeneration
 d - a ring of wizardry (left tentacle)
 x - a ring of flight
Wands
 o - a wand of flame (53)
 z - a wand of acid (18)
Scrolls
 h - 2 scrolls of immolation
 j - 3 scrolls of poison
 v - 3 scrolls of enchant armour
Potions
 a - a potion of magic
 f - 2 potions of brilliance
 g - 2 potions of might
 i - a potion of mutation {unknown}
 k - 3 potions of heal wounds
 l - 4 potions of curing
 m - a potion of haste
 p - a potion of degeneration {unknown}
 u - 2 potions of attraction {unknown}
 w - a potion of flight {unknown}
 A - 2 potions of lignification
 D - a potion of resistance {unknown}


   Skills:
 - Level 2.3 Dodging
 - Level 3.5 Stealth
 + Level 3.0 Spellcasting
 - Level 8.0 Conjurations
 * Level 6.2 Fire Magic
 + Level 0.5 Evocations


You had 3 spell levels left.
You knew the following spells:

 Your Spells              Type           Power      Damage    Failure   Level
a - Foxfire               Conj/Fire      100%       2x1d9     1%          1
b - Scorch                Fire           52%        2d7       1%          2
c - Inner Flame           Hex/Fire       14%        N/A       5%          3
d - Sticky Flame          Conj/Fire      29%        2d5       3%          4

Your spell library contained the following spells:

 Spells                   Type           Power      Damage    Failure   Level
 Volatile Blastmotes      Fire/Tloc      28%        2d12      5%          3
 Ensorcelled Hibernation  Hex/Ice        4%         N/A       9%          2
 Passwall                 Tmut/Erth      1%         N/A       9%          2
 Swiftness                Air            2%         N/A       17%         3
 Flame Wave               Conj/Fire      29%        2d9       3%          4
 Petrify                  Tmut/Erth      2%         N/A       50%         4
 Metabolic Englaciation   Hex/Ice        1%         N/A       82%         5
 Statue Form              Tmut/Erth      1%         N/A       100%        6


Dungeon Overview and Level Annotations

Branches:
Dungeon (6/15)             Temple (1/1) D:5

Altars:
Ashenzari
Cheibriados
Dithmenos
Elyvilon
Fedhas
Gozag
Hepliaklqana
Kikubaaqudgha
Makhleb
Nemelex Xobeh
Okawaru
Qazlal
Ru
Sif Muna
Trog
Uskayaw
Vehumet
Wu Jian
Xom
Yredelemnul
Zin
The Shining One

Shops:
D:4 !

Annotations:
D:4 1 runed translucent door, Kamelo's ghost, amateur MiBe
D:6 Eustachio


Innate Abilities, Weirdness & Mutations

You cannot wear most types of armour.
You are amphibious.
You can wear up to eight rings at the same time.
Your skin changes colour to match your surroundings (Stealth+).
Your rubbery body absorbs attacks. (AC +1, EV +1)
((You are camouflaged when in or above water. (Stealth+)))
You have tentacles for arms and can constrict up to eight enemies at once.


Message History

The quasit barely misses you. The river rat bites you!
The crimson imp attacks as you move away!
The crimson imp hits you. The river rat attacks as you move away!
The river rat bites you. The quasit closely misses you.
The quasit claws you. x2
Eustachio barely misses you.
Casting: Sticky Flame (dangerous; 3% risk of failure)
Confirm with . or Enter, or press ? or * to list all spells.
Aiming: Sticky Flame (dangerous; 3% risk of failure)
Press: ? - help, Shift-Dir - straight line, f - Eustachio
Aim: Eustachio, wielding a +0 falchion and wearing a +2 leather armour of cold resistance (moderately wounded)
You miscast Sticky Flame.
You are very lightly contaminated with residual magic.
Nothing appears to happen.
The quasit barely misses you. The quasit misses you.
The quasit closely misses you. Eustachio barely misses you.
The river rat misses you.
As you read the scroll labelled ISIMPE QIUNYMM, it crumbles to dust.
You feel aware of your surroundings.
It was a scroll of magic mapping.
The quasit bites you.
You feel clumsy. The quasit claws you.
The quasit claws you but does no damage.
Eustachio gestures wildly while chanting.
The river rat bites you.
* * * LOW HITPOINT WARNING * * *
Eustachio attacks as you move away! Eustachio barely misses you.
The quasit attacks as you move away! The quasit barely misses you.
The quasit misses you. The quasit closely misses you.
Eustachio screams, "At last I'll have my revenge!"
The iron imp summons a swarm of flies.
The quasit misses you. The quasit closely misses you.
The quasit claws you but does no damage.
Eustachio attacks as you move away! Eustachio hits you with a +0 falchion.
* * * LOW HITPOINT WARNING * * *
The crimson imp blinks!
Unknown command.
As you read the scroll of silence, it crumbles to dust.
A profound silence engulfs you. The quasit barely misses you.
The quasit closely misses you. The quasit misses you.
Eustachio hits you with a +0 falchion.
You die...

,,,,,,,....#.....+,,**,,*******,,
,,,,,,..._.......#,,**,,***,,**,,
###+##........5..#,,**,,,,,,,,,,,
#................#,,+,,,,,,,,****
#....._..⌠.._....#,,*,,,,,,,,*,,,
#.<...........§.r#,,*,,,,,,,,*,,,
#..............5r#,,*,,,,,,,,*,,,
#..###..._.....@5#############.,,
#..........#....@#..##.........,,
##.........#.....'...#.>.......,,
...........#.....#...'......[.#*+
...........#.....#...#........#,,
...........#.....#####........#,,
##.####'####.............##+###,,
####.....................+,,,****
#.....................#,,,**,,
#.....................#,,,*,,,


You could see Eustachio, an iron imp (summoned), a quasit (summoned), a crimson
imp (summoned), a river rat (summoned) and a quokka (summoned).

Vanquished Creatures
  A sky beast (D:4)
  2 ogres (D:5)
  A centaur (D:5)
  Blork the orc (D:5)
  A scorpion (D:5)
  A jelly (D:5)
  2 howler monkeys
  5 hounds
  3 orc priests
  2 orc wizards (D:4)
  Ijyb (D:3)
  5 iguanas
  2 sleepcaps
  Natasha (thrice) (D:2)
  Robin (D:2)
  2 adders (D:5)
  3 gnolls (D:5)
  3 worms
  2 dart slugs
  8 orcs
  5 ball pythons
  5 endoplasms
  5 giant cockroaches
  19 goblins
  11 hobgoblins
  7 jackals
  3 quokkas
  2 bats (D:1)
  5 frilled lizards
  12 kobolds
  3 rats
126 creatures vanquished.

Vanquished Creatures (others)
  242 foxfires
242 creatures vanquished.

Grand Total: 368 creatures vanquished

Notes
Turn   | Place    | Note
-------+----------+-------------------------------------------
     0 | D:1      | Getoffmy the Octopode Fire Elementalist began the quest for
                  | the Orb.
     0 | D:1      | Reached XP level 1. HP: 11/11 MP: 3/3
   186 | D:1      | Reached XP level 2. HP: 13/17 MP: 0/5
   616 | D:1      | Reached XP level 3. HP: 21/21 MP: 2/6
  1209 | D:2      | Learned a level 2 spell: Scorch
  1255 | D:2      | Reached skill level 2 in Conjurations
  1255 | D:2      | Reached XP level 4. HP: 19/27 MP: 4/7
  1336 | D:2      | Noticed Robin
  1364 | D:2      | HP: 1/27 [Robin/puff of flame (11)]
  1510 | D:2      | Killed Robin
  1581 | D:2      | Noticed Natasha
  1615 | D:2      | Killed Natasha
  1962 | D:2      | Reached XP level 5. HP: 25/31 MP: 7/9
  2049 | D:2      | Noticed Natasha
  2056 | D:2      | Killed Natasha
  2057 | D:2      | Reached skill level 3 in Conjurations
  2219 | D:2      | Noticed Natasha
  2229 | D:2      | Killed Natasha
  2992 | D:3      | Learned a level 3 spell: Inner Flame
  3108 | D:3      | Noticed Ijyb
  3122 | D:3      | Killed Ijyb
  3123 | D:3      | Reached XP level 6. HP: 13/36 MP: 1/10
  3489 | D:3      | Reached skill level 4 in Conjurations
  4181 | D:4      | Reached skill level 5 in Conjurations
  4243 | D:4      | Noticed a sky beast
  4249 | D:4      | Killed a sky beast
  4250 | D:4      | Reached XP level 7. HP: 41/41 MP: 6/11
  4429 | D:4      | Found Domusa's Distillery.
  4441 | D:4      | Bought a potion of brilliance for 56 gold pieces
  4441 | D:4      | Bought a potion of heal wounds for 70 gold pieces
  4441 | D:4      | Bought a potion of lignification for 42 gold pieces
  4747 | D:4      | Reached skill level 6 in Conjurations
  5119 | D:4      | Found a runed translucent door.
  5121 | D:4      | Noticed a steam dragon
  5121 | D:4      | Noticed Kamelo's ghost (amateur MiBe)
  5818 | D:5      | Entered Level 5 of the Dungeon
  5857 | D:5      | Reached skill level 7 in Conjurations
  5908 | D:5      | Noticed Blork the orc
  5916 | D:5      | Killed Blork the orc
  6035 | D:5      | Reached XP level 8. HP: 46/46 MP: 6/12
  6171 | D:5      | Reached skill level 5 in Fire Magic
  6227 | D:5      | Learned a level 4 spell: Sticky Flame
  6326 | D:5      | Found a staircase to the Ecumenical Temple.
  6367 | Temple   | Entered the Ecumenical Temple
  6483 | Temple   | Became a worshipper of Vehumet
  7640 | D:6      | Found a glowing silver altar of Zin.
  7640 | D:6      | Found a basalt altar of Yredelemnul.
  7640 | D:6      | Found a shimmering altar of Xom.
  7726 | D:6      | Reached skill level 8 in Conjurations
  7752 | D:6      | Found an iron altar of Okawaru.
  7756 | D:6      | Noticed Eustachio
  7772 | D:6      | Slain by Eustachio

Illustrated notes

Levels and vault maps discovered:
D:1:      shiori_arrival_elements, layout_basic, minmay_pentomino_z2
D:2:      layout_basic, reono_crystal_passage, uniq_robin, uniq_natasha
D:3:      kennysheep_goblin_castle, layout_loops_ring, minmay_misc_feat_columns,
          kennysheep_generic_room_5
D:4:      cheibrodos_pilgrimage, layout_cave_pools, serial_co_window_serial,
          co_window_corner_a, co_window_cross_1, co_window_of_opportunity_a,
          co_window_corner_a, co_window_corner_a, co_window_broadway_b,
          co_window_2corner, co_window_of_opportunity_b,
          co_window_of_opportunity_b, co_window_unsneaky_path_b,
          co_window_unsneaky_path_d, co_window_4corner_a, glass_columns_a,
          glass_columns_a, glass_columns_c, glass_columns_a, glass_columns_b,
          ebering_ghost_inner_flame, serial_shops, nicolae_lakefront_shop
D:5:      layout_loops_ring, minmay_temple_entry_glassed_door,
          uniq_blork_the_orc
D:6:      layout_gridville, grunt_temple_overflow_open, uniq_eustachio
Temple:   regret_index_temple_mists

Skill      XL: |  1  2  3  4  5  6  7  8 |
---------------+-------------------------+-----
Stealth        | 3 |  3.5
Conjurations   | 2 3 5 7 8 |  8.0
Spellcasting   | 3 |  3.0
Fire Magic     | 4 6 |  6.2
Dodging        | |  2.3
Evocations     | |  0.5

Action                     |  1- 3 |  4- 6 |  7- 9 || total
---------------------------+-------+-------+-------++-------
  Melee: Unarmed           |    26 |       |       ||    26
         Constrict         |     9 |    25 |     9 ||    43
         Tentacles         |     7 |    23 |     7 ||    37
         Dagger            |     8 |    88 |    16 ||   112
         Punch             |     1 |     2 |       ||     3
         Short sword       |       |       |     6 ||     6
  Throw: Stone             |     1 |     2 |     1 ||     4
   Cast: Foxfire           |    33 |    59 |    53 ||   145
         Scorch            |       |     4 |    38 ||    42
         Sticky Flame      |       |       |     3 ||     3
         Inner Flame       |       |       |     1 ||     1
    Use: Scroll            |       |     9 |     2 ||    11
         Potion            |       |       |     1 ||     1
   Stab: Sleeping          |     1 |     9 |     3 ||    13
 Armour: Skin              |     7 |     9 |     4 ||    20
  Dodge: Dodged            |    27 |    69 |    36 ||   132
